 Dungeon Crawl Stone Soup version 0.30-a0-722-g3e6e8c874d (webtiles) character file.

Game seed: 9798318364389484144

51742 Dittersdorf the Protected (level 14, 0/96 HPs)
             Began as a Gargoyle Fighter on Jan 27, 2023.
             Was the Champion of Okawaru.
             Slain by a cane toad (5 damage)
             ... on level 4 of the Lair of Beasts.
             The game lasted 00:27:24 (18265 turns).

Dittersdorf the Protected (Gargoyle Fighter)       Turns: 18265, Time: 00:27:26

Health: 0/96       AC: 39    Str: 21    XL:     14   Next: 61%
Magic:  0/23       EV:  5    Int: 16    God:    Okawaru [******]
Gold:   1049       SH: 18    Dex:  9    Spells: 13/13 levels left

rFire   + + +      SeeInvis .    B - +10 mace of the Mosquito {venom, Fragile rElec rC+}
rCold   + . .      Faith    .    H - +1 tower shield of Henotheism {rF+ rN++ Str-5}
rNeg    + + +      Spirit   +    r - +0 plate armour {Will+}
rPois   ∞          Reflect  .    w - +2 helmet of Mordant the Leaf {MP+9 Int+2}
rElec   +          Harm     .    o - +2 cloak {Will+}
rCorr   .          Rampage  .    f - +2 pair of gloves
Will    ++++.                    D - +0 pair of boots "Kumyr" {*Slow rPois rF+++ Stlth+} Stlth
                                 i - amulet of guardian spirit
HPRegen 0.36/turn                v - ring of willpower
MPRegen 0.18/turn                x - +6 ring of intelligence

@: flying
A: sickness immunity, AC +10, big wings, negative energy resistance 1,
electricity resistance, torment resistance 1, petrification resistance
a: Renounce Religion, Heroism, Finesse, Duel


You were on level 4 of the Lair of Beasts.
You worshipped Okawaru.
Okawaru was exalted by your worship.
You visited 3 branches of the dungeon, and saw 17 of its levels.
You also visited: Bailey.

You collected 1709 gold pieces.
You spent 660 gold pieces at shops.

Inventory:

Hand Weapons
 u - a +0 morningstar
 B - the +10 mace of the Mosquito (weapon) {venom, Fragile rElec rC+}
   (You found it on level 2 of the Lair of Beasts)

   rC:        It protects you from cold.
   rElec:     It insulates you from electricity.
   Fragile:   It will be destroyed if unequipped.
Missiles
 t - 4 throwing nets
 y - 9 curare-tipped darts (quivered)
Armour
 f - a +2 pair of gloves (worn)
 o - a +2 cloak of willpower (worn)
 r - a +0 plate armour of willpower (worn)
 w - the +2 helmet of Mordant the Leaf (worn) {MP+9 Int+2}
   (You found it in a bailey)

   Int:       It affects your intelligence (+2).
   MP:        It affects your magic capacity (+9).
 D - the +0 pair of boots "Kumyr" (worn) {*Slow rPois rF+++ Stlth+}
   (You found it on level 10 of the Dungeon)

   rF:        It renders you almost immune to fire.
   rPois:     It protects you from poison.
   *Slow:     It may slow you when you take damage.
   Stlth:     It makes you more stealthy.
 H - the +1 tower shield of Henotheism (worn) {rF+ rN++ Str-5}
   (Okawaru gifted it to you on level 2 of the Lair of Beasts)

   Str:       It affects your strength (-5).
   rF:        It protects you from fire.
   rN:        It greatly protects you from negative energy.
Jewellery
 i - an amulet of guardian spirit (around neck)
 v - a ring of willpower (left hand)
 x - a +6 ring of intelligence (right hand)
 G - a ring of ice
Wands
 g - a wand of quicksilver (16)
 m - a wand of roots (16)
 C - a wand of digging (2)
Scrolls
 k - 4 scrolls of blinking
 l - 3 scrolls of enchant armour
 p - a scroll of enchant weapon
 s - 6 scrolls of teleportation
Potions
 a - 3 potions of brilliance {unknown}
 b - 2 potions of invisibility
 c - a potion of ambrosia
 d - 6 potions of might
 e - 4 potions of heal wounds
 h - 4 potions of curing
 j - a potion of magic
 n - 2 potions of cancellation
 q - 5 potions of resistance
 z - 4 potions of mutation
 E - a potion of haste


   Skills:
 + Level 14.2 Fighting
 + Level 12.9 Maces & Flails
 + Level 14.2 Armour
 + Level 14.2 Shields


You had 13 spell levels left.
You didn't know any spells.
Your spell library contained the following spells:

 Spells                   Type           Power      Damage    Failure   Level
 Magic Dart               Conj           0%         1d3       100%        1
 Searing Ray              Conj           0%         2d4       100%        2
 Portal Projectile        Hex/Tloc       0%         N/A       100%        3
 Fulminant Prism          Conj/Hex       0%         3d5       100%        4
 Leda's Liquefaction      Hex/Erth       0%         N/A       100%        4
 Call Canine Familiar     Summ           Unusable   N/A       N/A         3

Dungeon Overview and Level Annotations

Branches:
Dungeon (11/15)            Temple (1/1) D:6            Lair (5/5) D:11
  Swamp (0/4) Lair:2       Spider (0/4) Lair:3        Slime (0/5) Lair:5
 Bailey (visited)
    Orc: D:9-12

Altars:
Ashenzari
Cheibriados
Dithmenos
Elyvilon
Fedhas
Gozag
Hepliaklqana
Kikubaaqudgha
Makhleb
Nemelex Xobeh
Okawaru
Qazlal
Ru
Sif Muna
Trog
Uskayaw
Vehumet
Wu Jian
Xom
Yredelemnul
Zin
The Shining One
Jiyva

Shops:
D:2 [=   D:9 (


Innate Abilities, Weirdness & Mutations

You are immune to sickness and miasma.
Your stone body is resilient. (AC +10)
You are immune to poison.
Your large and strong wings let you fly.
You resist negative energy. (rN+)
You are resistant to electric shocks. (rElec)
You are resistant to unholy torment.
You are immune to petrification.


Message History

The yak is heavily wounded.
The cane toad stings you but does no damage.
The yak closely misses you. The yak gores you but does no damage.
The yak gores you.
* * * LOW HITPOINT WARNING * * *
You block the cane toad's attack. x2
You hit the yak but do no damage.
The yak looks as sick as possible!
The yak is heavily wounded.
You block the yak's attack.
The yak gores you but does no damage. x2
You block the cane toad's attack. The cane toad stings you.
* * * LOW HITPOINT WARNING * * *
You bludgeon the yak!!
You kill the yak!
Okawaru accepts your kill.
The cane toad stings you but does no damage.
The yak barely misses you. You block the yak's attack.
You block the cane toad's attack. The yak attacks as you move away!
The yak gores you but does no damage.
The cane toad stings you but does no damage.
The yak barely misses you.
The cane toad stings you but does no damage.
Things that are here:
a yak corpse; a yak corpse The cane toad attacks as you move away!
You block the cane toad's attack. x2
The yak gores you but does no damage. The yak attacks as you move away!
The yak gores you but does no damage.
The cane toad stings you but does no damage.
You block the cane toad's attack. The cane toad attacks as you move away!
You block the cane toad's attack. The yak attacks as you move away!
The yak gores you but does no damage. The cane toad attacks as you move away!
The cane toad barely misses you. The cane toad stings you!
* * * LOW HITPOINT WARNING * * *
The yak gores you but does no damage. The yak attacks as you move away!
The yak gores you!
* * * LOW HITPOINT WARNING * * *
The cane toad attacks as you move away! The cane toad stings you!
* * * LOW HITPOINT WARNING * * *
You block the cane toad's attack. The cane toad stings you.
You die...

.........................##
......................#P..######
...###......P..####...##.#..##.##
....######..#### #.††#######..#.#
...#### ###### ##.†># #.#...
....#.# ###P.###..†.# ##....
.....## ##...^......## ###...
.....# ##......FYFY## #.#...
.....# #........@..### #.....
.....# #.............# ##...^
....## #.............# #....
....# ##.........#### ###.P ...##
#.......##.# ### ..##
############ ..# ###


You could see 2 yaks and 2 cane toads.

Vanquished Creatures
  Rupert (Lair:4)
  The ghost of hikkokomori the Fighter, a journeyman VSFi of Okawaru (Lair:1)
  Fannar (Lair:2)
  3 hydras
  3 alligators (Lair:3)
  11 death yaks
  2 goliath frogs
  A swamp dragon (Lair:3)
  3 cyclopes (D:11)
  9 elephants
  The ghost of sirJeffrey23 the Destroyer, a novice TeCj of Vehumet (D:6)
  3 black mambas (Lair:4)
  15 cane toads
  An unseen horror (D:11)
  A gargoyle (D:11)
  2 torpor snails
  A kobold demonologist (D:10)
  8 komodo dragons
  A troll (D:6)
  A tyrant leech (Lair:3)
  A hornet (Lair:1)
  Prince Ribbit (D:6)
  10 dream sheep
  17 blink frogs
  A slime creature (Lair:4)
  2 spriggans
  Sigmund (D:3)
  4 wyverns
  2 wraiths
  43 yaks
  Grum (D:8)
  A human (Lair:4)
  2 basilisks
  3 redbacks (Lair:3)
  2 vampire mosquitoes (Lair:5)
  Menkaure (D:4)
  2 swamp worms (Lair:3)
  3 acid dragons
  11 water moccasins
  Duvessa (D:5)
  A swamp drake (Lair:3)
  9 orc warriors
  5 black bears
  2 ice beasts
  4 ogres
  13 wolves
  4 centaurs
  2 phantoms
  9 kobold brigands
  The ghost of elongatedgoose the Sneak, an amateur SpBr of Wu Jian (D:5)
  Blork the orc (D:6)
  18 bullfrogs
  5 scorpions
  3 gnoll sergeants
  Dowan (D:5)
  16 wights
  11 killer bees
  3 howler monkeys
  2 jellies (D:6)
  A gnoll bouda (D:6)
  An iron imp (D:7)
  Crazy Yiuf (D:2)
  3 hounds
  7 orc priests
  2 iguanas
  Natasha (twice) (D:3)
  5 orc wizards
  7 hell rats
  21 gnolls
  5 adders
  2 shadow imps
  An ufetubus (D:6)
  5 dart slugs
  28 orcs
  4 endoplasms
  2 giant cockroaches
  5 goblins
  7 hobgoblins
  3 jackals (D:1)
  16 kobolds
  5 quokkas
  8 ball pythons
  7 bats
  3 frilled lizards
  7 rats
446 creatures vanquished.

Vanquished Creatures (others)
  14 fungi
  82 plants
96 creatures vanquished.

Grand Total: 542 creatures vanquished

Notes
Turn   | Place    | Note
-------+----------+-------------------------------------------
     0 | D:1      | Dittersdorf the Gargoyle Fighter began the quest for the
                  | Orb.
     0 | D:1      | Reached XP level 1. HP: 14/14 MP: 1/1
   137 | D:1      | Reached XP level 2. HP: 19/19 MP: 2/2
   351 | D:1      | Found a faded altar of an unknown god.
   497 | D:1      | Reached XP level 3. HP: 23/23 MP: 3/3
   902 | D:2      | Found Guxtetab's Armour Boutique.
  1004 | D:2      | Found Rurgh's Jewellery Shop.
  1311 | D:2      | Found a runed translucent door.
  1312 | D:2      | Noticed Crazy Yiuf
  1383 | D:2      | Reached XP level 4. HP: 29/29 MP: 4/4
  1730 | D:2      | Killed Crazy Yiuf
  1955 | D:3      | Reached XP level 5. HP: 33/33 MP: 5/5
  2014 | D:3      | Noticed Natasha
  2023 | D:3      | Killed Natasha
  2131 | D:3      | Found a sparkling altar of Nemelex Xobeh.
  2221 | D:3      | Identified the +2 ring mail of Dotozyra {Dex+2}
  2251 | D:3      | Noticed Sigmund
  2259 | D:3      | Killed Sigmund
  2260 | D:3      | Reached XP level 6. HP: 32/39 MP: 6/6
  2397 | D:3      | Found a broken altar of Ashenzari.
  2397 | D:3      | Noticed Natasha
  2409 | D:3      | Killed Natasha
  2486 | D:3      | Saw a vision of the Swamp and the Spider Nest.
  2486 | D:3      | Noticed an emperor scorpion
  2486 | D:3      | Noticed an orb spider
  2486 | D:3      | Noticed a wolf spider
  2486 | D:3      | Noticed an entropy weaver
  2486 | D:3      | Noticed a culicivora
  2486 | D:3      | Noticed a wolf spider
  2486 | D:3      | Noticed a broodmother
  2486 | D:3      | Noticed a jumping spider
  2486 | D:3      | Noticed a steelbarb worm
  2486 | D:3      | Noticed an entropy weaver
  2486 | D:3      | Noticed a moth of wrath
  2486 | D:3      | Noticed an eleionoma
  2486 | D:3      | Noticed a steelbarb worm
  2486 | D:3      | Noticed a radroach
  2486 | D:3      | Noticed a wolf spider
  2487 | D:3      | Noticed a radroach
  2492 | D:3      | Noticed a meliai
  2624 | D:4      | Reached skill level 5 in Armour
  2626 | D:4      | Reached skill level 5 in Shields
  2908 | D:4      | Noticed Menkaure
  2915 | D:4      | Killed Menkaure
  2916 | D:4      | Reached skill level 5 in Fighting
  2916 | D:4      | Reached XP level 7. HP: 37/44 MP: 5/7
  3164 | D:5      | Entered Level 5 of the Dungeon
  3305 | D:5      | Reached XP level 8. HP: 39/51 MP: 5/8
  3555 | D:5      | Reached skill level 5 in Maces & Flails
  3758 | D:5      | Noticed elongatedgoose's ghost (amateur SpBr)
  3762 | D:5      | Found a runed translucent door.
  3988 | D:5      | Noticed Dowan
  3988 | D:5      | Noticed Duvessa
  4001 | D:5      | Killed Duvessa
  4003 | D:5      | Killed Dowan
  4509 | D:5      | Reached XP level 9. HP: 56/56 MP: 9/9
  4682 | D:6      | Noticed Prince Ribbit
  4707 | D:6      | Found a staircase to the Ecumenical Temple.
  4732 | Temple   | Entered the Ecumenical Temple
  4937 | Temple   | Became a worshipper of Warmaster Okawaru
  4966 | D:6      | Killed Prince Ribbit
  4994 | D:6      | Noticed Blork the orc
  5012 | D:6      | Killed Blork the orc
  5275 | D:6      | Noticed a troll
  5276 | D:6      | Noticed sirJeffrey23's ghost (novice TeCj)
  5289 | D:6      | Found a runed translucent gate.
  5289 | D:6      | Found a runed translucent gate.
  5291 | D:6      | Found a runed translucent gate.
  5325 | D:6      | Reached * piety under Okawaru
  5433 | D:6      | Found a hazy altar of Hepliaklqana.
  5701 | D:5      | Killed elongatedgoose's ghost
  5781 | D:6      | Killed sirJeffrey23's ghost
  5792 | D:6      | Killed a troll
  5793 | D:6      | Reached XP level 10. HP: 31/64 MP: 3/10
  5799 | D:6      | Reached ** piety under Okawaru
  6001 | D:7      | Found a flagged portal.
  6015 | Bailey   | Entered a bailey
  6590 | Bailey   | Found an iron altar of Okawaru.
  6596 | Bailey   | Identified the +2 helmet of Mordant the Leaf {MP+9 Int+2}
  6737 | D:7      | Found an ornate altar of the Wu Jian Council.
  6952 | D:7      | Found a bloodstained altar of Trog.
  6998 | D:7      | Found a glowing golden altar of the Shining One.
  7259 | D:7      | Found a snail-covered altar of Cheibriados.
  7313 | D:8      | Reached *** piety under Okawaru
  7371 | D:8      | Noticed Grum
  7422 | D:8      | Found an ancient bone altar of Kikubaaqudgha.
  7627 | D:8      | Reached XP level 11. HP: 69/71 MP: 11/11
  7632 | D:8      | Killed Grum
  8198 | D:9      | Found Mis Puid's Weapon Shop.
  8201 | D:9      | Bought the +6 mace of the Spectre {heavy, Drain Fly rCorr
                  | Dex+5} for 660 gold pieces
  8439 | D:9      | Reached skill level 10 in Armour
  8844 | D:10     | Entered Level 10 of the Dungeon
  8891 | D:10     | Reached skill level 10 in Shields
  8921 | D:10     | Reached **** piety under Okawaru
  8929 | D:10     | Reached skill level 10 in Fighting
  9333 | D:10     | Found a hide-covered altar of Uskayaw.
  9524 | D:10     | Identified the +0 pair of boots "Kumyr" {*Slow rPois rF+++
                  | Stlth+}
  9737 | D:10     | Found a white marble altar of Elyvilon.
 10169 | D:11     | Noticed a cyclops
 10189 | D:11     | Killed a cyclops
 10189 | D:11     | Reached ***** piety under Okawaru
 10464 | D:11     | Noticed a death yak
 10477 | D:11     | Noticed a death yak
 10482 | D:11     | Noticed a death yak
 10489 | D:11     | Killed a death yak
 10697 | D:11     | Noticed a cyclops
 10704 | D:11     | Killed a cyclops
 10704 | D:11     | Identified the +10 demon blade of Internal Strife {freeze,
                  | rF+ Int+3} (Okawaru gifted it to you on level 11 of the
                  | Dungeon)
 10704 | D:11     | Received a gift from Okawaru
 10996 | D:11     | Noticed a cyclops
 11003 | D:11     | Killed a cyclops
 11141 | D:10     | Killed a death yak
 11142 | D:10     | Reached XP level 12. HP: 62/80 MP: 12/12
 11205 | D:10     | Killed a death yak
 11347 | D:11     | Found a staircase to the Lair.
 11463 | Lair:1   | Entered Level 1 of the Lair of Beasts
 11509 | Lair:1   | Reached skill level 10 in Maces & Flails
 12921 | Lair:2   | Noticed Fannar
 12972 | Lair:1   | Reached ****** piety under Okawaru
 13233 | Lair:2   | Killed Fannar
 13299 | Lair:2   | Identified the +1 tower shield of Henotheism {rF+ rN++
                  | Str-5} (Okawaru gifted it to you on level 2 of the Lair of
                  | Beasts)
 13299 | Lair:2   | Received a gift from Okawaru
 13375 | Lair:2   | Found a runed translucent door.
 13528 | Lair:2   | Noticed a four-headed hydra
 13555 | Lair:2   | Killed a four-headed hydra
 13678 | Lair:2   | Noticed hikkokomori's ghost (journeyman VSFi)
 13679 | Lair:2   | Identified the +0 trident of Brutal Revenge {freeze, Will-
                  | Int+2 Dex+3}
 13739 | Lair:2   | Reached XP level 13. HP: 37/86 MP: 9/13
 13746 | Lair:2   | HP: 3/86 [elephant (5)]
 13746 | Lair:2   | HP: 1/86 [elephant (2)]
 13952 | Lair:2   | Identified the +10 mace of the Mosquito {venom, Fragile
                  | rElec rC+}
 14239 | Lair:2   | Found a staircase to the Swamp.
 15095 | Lair:4   | Received a gift from Okawaru
 15573 | Lair:4   | Received a gift from Okawaru
 15692 | Lair:4   | Found a runed translucent door.
 15799 | Lair:3   | Received a gift from Okawaru
 15867 | Lair:3   | Found a hole to the Spider Nest.
 16525 | Lair:3   | Gained mutation: Your large and strong wings let you fly.
                  | [Gargoyle growth]
 16525 | Lair:3   | Reached XP level 14. HP: 91/94 MP: 14/14
 17135 | Lair:4   | Received a gift from Okawaru
 17339 | Lair:4   | Noticed Rupert
 17569 | Lair:4   | Killed Rupert
 17757 | Lair:1   | Killed hikkokomori's ghost
 17942 | Lair:5   | Entered Level 5 of the Lair of Beasts
 17942 | Lair:5   | Found a staircase to the Slime Pits.
 17942 | Lair:5   | Found a viscous altar of Jiyva.
 18214 | Lair:4   | Received a gift from Okawaru
 18265 | Lair:4   | Slain by a cane toad

Illustrated notes

Levels and vault maps discovered:
D:1:      dpeg_arrival_oval, layout_basic,
          shapermc_ecumenical_altar_totnotflames
D:2:      kennysheep_big_flooded_room, layout_basic, serial_shops, shop, shop,
          minmay_misc_feat_iff, hex_large, uniq_crazy_yiuf_cottage
D:3:      layout_loops_ring, grunt_ashenzari_visionary
          [grunt_ashenzari_visionary_swamp, grunt_ashenzari_visionary_spider],
          nemelex_xobeh_ov_fountains_minmay, uniq_sigmund, uniq_natasha
D:4:      layout_rooms, uniq_menkaure
D:5:      layout_loops_corners, hellmonk_ghost_happy_afterlife, uniq_duvessa
D:6:      layout_cave_pools, mainiacjoe_overflow_boulevard,
          minmay_temple_entry_mini_moons, gammafunk_ghost_split,
          uniq_blork_the_orc, uniq_prince_ribbit1
D:7:      layout_cave_pools, kennysheep_little_box, slow_altar_2,
          lemuel_crystal_altar, lemuel_doored_altar, enter_bailey_2
D:8:      layout_basic, amcnicky_altar_gilded, minmay_fractal_squares_gapless_5,
          uniq_grum
D:9:      layout_roguey, serial_shops, kennysheep_mini_moat,
          serial_corexii_hall, corexii_hall_statues_x, corexii_hall_statues_l,
          minmay_misc_feat_five
D:10:     layout_stronghold, elyvilon_altar_1, nicolae_overflow_crystal_walls,
          kennysheep_cluttered_room
D:11:     layout_gridville, dpeg_lair_monsters
Temple:   minmay_temple_bridge_abc
Lair:1:   layout_long_grid
Lair:2:   layout_chaotic_city, palyth_hydra_swamp_entry,
          ebering_ghost_funeral_grove, st_stairs_9, lemuel_old_faithful,
          uniq_fannar
Lair:3:   onia_ninara_swampy_vault, layout_cave_pods, spider_nest_entry_webs,
          beast_lair_carwin_2
Lair:4:   dreamdust_cave_troll, layout_cave_pods, pdpol_lair_cabin_in_the_woods
Lair:5:   minmay_lair_end_frog_pond, layout_regular_city,
          minmay_slime_entry_pillars, enter_volcano_4, nicolae_lair_yak_garden

Skill      XL: |  1  2  3  4  5  6  7  8  9 10 11 12 13 14 |
---------------+-------------------------------------------+-----
Fighting       | 4 5 6 8 9 11 12 13 14 | 14.2
Armour         | 4 5 7 8 9 11 12 13 14 | 14.2
Shields        | 4 5 6 8 9 11 12 13 14 | 14.2
Maces & Flails | 3 4 5 7 8 9 11 12 | 12.9

Action                     |  1- 3 |  4- 6 |  7- 9 | 10-12 | 13-15 || total
---------------------------+-------+-------+-------+-------+-------++-------
  Melee: Flail             |   125 |    16 |       |       |       ||   141
         Mace              |       |    75 |   277 |   686 |   613 ||  1651
         Morningstar       |       |       |       |    62 |       ||    62
  Throw: Dart              |       |       |       |     5 |     2 ||     7
 Invoke: Heroism           |       |       |     3 |     5 |     4 ||    12
    Use: Scroll            |       |    12 |     2 |    11 |     3 ||    28
         Potion            |       |       |       |       |     4 ||     4
 Armour: Scale mail        |   108 |    45 |       |       |       ||   153
         Chain mail        |       |     1 |   224 |   102 |       ||   327
         Plate armour      |       |       |       |   663 |   468 ||  1131
  Dodge: Dodged            |    79 |    31 |   134 |   307 |   132 ||   683
  Block: Buckler           |    33 |    17 |    85 |   277 |       ||   412
         Tower shield      |       |       |       |   111 |   648 ||   759

Table legend: (Time is in decaauts)
 A = Elapsed time spent in this place.
 B = Non-inter-level travel time spent in this place.
 C = Inter-level travel time spent in this place.
 D = Time resting spent in this place.
 E = Time spent auto-exploring this place.
 F = Levels seen in this place.
 G = Mean time per level.
                   A        B        C        D        E       F      G
               +--------+--------+--------+--------+--------+-----+--------+
         Total |  18626 |  17672 |    954 |   2983 |  10585 |  18 | 1034.8 |
       Dungeon |  10845 |  10256 |    589 |   1445 |   6586 |  11 |  985.9 |
        Temple |    225 |    194 |     31 |      0 |    188 |   1 |  225.0 |
          Lair |   6937 |   6604 |    333 |   1269 |   3774 |   5 | 1387.4 |
        Bailey |    617 |    617 |      0 |    269 |     36 |   1 |  617.0 |
               +--------+--------+--------+--------+--------+-----+--------+

Top non-repeatable levels by time:
  Lair:1: 1937 daAuts
  Lair:4: 1786 daAuts
  Lair:3: 1600 daAuts
     D:5: 1563 daAuts
    D:10: 1443 daAuts
  Lair:2: 1436 daAuts
     D:6: 1034 daAuts
    D:11: 1012 daAuts
     D:9: 993 daAuts
     D:2: 983 daAuts
     D:1: 928 daAuts
     D:7: 848 daAuts
     D:3: 760 daAuts
     D:8: 684 daAuts
  Bailey: 617 daAuts
